SKY
DETROIT TIGERS @ SAN FRANCISCO GIANTS
07/17/2052
 
TOP OF THE 1ST
Detroit Tigers batting - Pitching for San Francisco Giants : RHP Kyle Murphy
Pitching: RHP Kyle Murphy
Batting: LHB Jim Harvill 0-0: Called Strike
0-1: Foul Ball, location: 2F
0-2: Foul Ball, location: 23F
0-2: Ball
1-2: SINGLE (Line Drive, 4D, EV 96.9 MPH)
Batting: RHB Kyle Garette 0-0: Called Strike
0-1: Swinging Strike
0-2: Fly out, F8 (Line Drive, 8LD, EV 105.6 MPH)
Batting: LHB Verrell Vander Mark 0-0: Ball
1-0: Ball
2-0: Swinging Strike
2-1: Swinging Strike
2-2: Ball
3-2: SINGLE (Line Drive, 8LS, EV 94.4 MPH)
Jim Harvill to second
Runner from 2nd tries for 3rd, SAFE, throw by CF made to third
Batting: LHB Sebastian Ontiveros 0-0: Foul Ball, location: 2F
0-1: Called Strike
0-2: Ball
1-2: Fly out, F7 (Flyball, 7S, EV 89.4 MPH)
Throwing error, E7
Jim Harvill scores
Verrell Vander Mark to second
Batting: RHB Peter Bates 0-0: Called Strike
0-1: Fly out, F8 (Flyball, 89M, EV 95.6 MPH)
Top of the 1st over - 1 run, 2 hits, 1 error, 1 left on base; Detroit 1 - San Francisco 0
BOTTOM OF THE 1ST
San Francisco Giants batting - Pitching for Detroit Tigers : RHP Dylan Sheets
Pitching: RHP Dylan Sheets
Batting: RHB Kaiden Clackum 0-0: Fly out, F8 (Line Drive, 8RD, EV 98.8 MPH)
Batting: LHB Jeff Edelman 0-0: Ball
1-0: Ball
2-0: SINGLE (Groundball, 34S, EV 70.6 MPH) (infield hit)
Batting: RHB Theodore Phu 0-0: Called Strike
0-1: Foul Ball, location: 3F
0-2: SINGLE (Line Drive, 3D, EV 100.0 MPH)
Jeff Edelman to second
Runner from 2nd tries for 3rd, SAFE, throw by RF made to third
Batting: RHB Solomon Ding 0-0: Foul Ball, location: 7LMF
0-1: Ball
1-1: Called Strike
1-2: Foul Ball, location: 3FF
1-2: Foul Ball, location: 3F
1-2: Strikes out swinging
Batting: RHB Jackson Maul 0-0: Ball
1-0: Ball
2-0: Called Strike
2-1: Ground out U3 (Groundball, 34, EV 91.9 MPH)
Bottom of the 1st over - 0 runs, 2 hits, 0 errors, 2 left on base; Detroit 1 - San Francisco 0
TOP OF THE 2ND
Detroit Tigers batting - Pitching for San Francisco Giants : RHP Kyle Murphy
Batting: RHB Diego Ruiz 0-0: SINGLE (Groundball, 6MD, EV 95.6 MPH)
Batting: LHB Rob Hedrick 0-0: Ball
1-0: SINGLE (Line Drive, 56D, EV 97.5 MPH)
Diego Ruiz to second
Runner from 2nd tries for 3rd, SAFE, no throw by LF
Batting: RHB Owen Roberts 0-0: Ball
1-0: Ball
2-0: Called Strike
2-1: Grounds into double play, 6-4-3 (Groundball, 6, EV 86.9 MPH)
Diego Ruiz scores
Batting: LHB Will Dishman 0-0: Fly out, F8 (Flyball, 8LD, EV 94.4 MPH)
Top of the 2nd over - 1 run, 2 hits, 0 errors, 0 left on base; Detroit 2 - San Francisco 0
BOTTOM OF THE 2ND
San Francisco Giants batting - Pitching for Detroit Tigers : RHP Dylan Sheets
Batting: RHB Rhett Damewood 0-0: Ground out 4-3 (Groundball, 4, EV 95.0 MPH)
Batting: LHB Ray Gettelfinger 0-0: Called Strike
0-1: Ball
1-1: Ball
2-1: Called Strike
2-2: Foul Ball, location: 2F
2-2: Foul Ball, location: 3F
2-2: Ball
3-2: Fly out, F5 (Line Drive, 5L, EV 68.8 MPH)
Batting: RHB Brian Dowse 0-0: Called Strike
0-1: Swinging Strike
0-2: Ball
1-2: Ball
2-2: Foul Ball, location: 3FF
2-2: Fly out, F9 (Line Drive, 9LS, EV 86.3 MPH)
Bottom of the 2nd over - 0 runs, 0 hits, 0 errors, 0 left on base; Detroit 2 - San Francisco 0
TOP OF THE 3RD
Detroit Tigers batting - Pitching for San Francisco Giants : RHP Kyle Murphy
Batting: LHB Jim Harvill 0-0: Fly out, F8 (Line Drive, 8LM, EV 91.3 MPH)
Batting: RHB Kyle Garette 0-0: Foul Ball, location: 2F
0-1: Ball
1-1: Foul Ball, location: 2F
1-2: Foul Ball, location: 25F
1-2: Strikes out swinging
Batting: LHB Verrell Vander Mark 0-0: Ball
1-0: Foul Ball, location: 5DF
1-1: Ground out 4-3 (Groundball, 34, EV 106.3 MPH)
Top of the 3rd over - 0 runs, 0 hits, 0 errors, 0 left on base; Detroit 2 - San Francisco 0
BOTTOM OF THE 3RD
San Francisco Giants batting - Pitching for Detroit Tigers : RHP Dylan Sheets
Batting: RHB Sebastian Schleusner 0-0: Ball
1-0: Ground out 3-1 (Groundball, 34S, EV 85.0 MPH)
Batting: RHB Kaiden Clackum 0-0: Foul Ball, location: 2F
0-1: Called Strike
0-2: Ball
1-2: Foul Ball, location: 2F
1-2: Ball
2-2: Fly out, F2 (Popup, 2LF, EV 95.0 MPH)
Batting: LHB Jeff Edelman 0-0: Swinging Strike
0-1: Ball
1-1: Foul Ball, location: 5SF
1-2: Ground out 2-3 (Groundball, 15S, EV 58.1 MPH)
Bottom of the 3rd over - 0 runs, 0 hits, 0 errors, 0 left on base; Detroit 2 - San Francisco 0
TOP OF THE 4TH
Detroit Tigers batting - Pitching for San Francisco Giants : RHP Kyle Murphy
Batting: LHB Sebastian Ontiveros 0-0: Ball
1-0: Ball
2-0: Foul Ball, location: 25F
2-1: Ball
3-1: Ground out 4-3 (Groundball, 4, EV 100.0 MPH)
Batting: RHB Peter Bates 0-0: Called Strike
0-1: Ball
1-1: Ball
2-1: SINGLE (Groundball, 56D, EV 101.9 MPH)
Batting: RHB Diego Ruiz 0-0: Foul Ball, location: 2F
0-1: Ball
1-1: Ball
2-1: Foul Ball, location: 2F
2-2: Foul Ball, location: 2F
2-2: Ball
3-2: Base on Balls
Peter Bates to second
Batting: LHB Rob Hedrick 0-0: Ball
1-0: Swinging Strike
1-1: Ball
2-1: Swinging Strike
2-2: Strikes out swinging
Batting: RHB Owen Roberts 0-0: Foul Ball, location: 5SF
0-1: Swinging Strike
0-2: Ball
1-2: Ground out 6-3 (Groundball, 6MS, EV 86.3 MPH)
Top of the 4th over - 0 runs, 1 hit, 0 errors, 2 left on base; Detroit 2 - San Francisco 0
BOTTOM OF THE 4TH
San Francisco Giants batting - Pitching for Detroit Tigers : RHP Dylan Sheets
Batting: RHB Theodore Phu 0-0: Swinging Strike
0-1: Swinging Strike
0-2: Fly out, F9 (Flyball, 9, EV 88.1 MPH)
Batting: RHB Solomon Ding 0-0: Called Strike
0-1: Ball
1-1: Ball
2-1: Ball
3-1: Fly out, F7 (Flyball, 7, EV 85.0 MPH)
Batting: RHB Jackson Maul 0-0: Ball
1-0: Called Strike
1-1: Foul Ball, location: 7LSFF
1-2: Ball
2-2: Strikes out swinging
Bottom of the 4th over - 0 runs, 0 hits, 0 errors, 0 left on base; Detroit 2 - San Francisco 0
TOP OF THE 5TH
Detroit Tigers batting - Pitching for San Francisco Giants : RHP Kyle Murphy
Batting: LHB Will Dishman 0-0: Ball
1-0: Ball
2-0: Called Strike
2-1: Ball
3-1: Called Strike
3-2: Foul Ball, location: 7LDF
3-2: Strikes out swinging
Pitching: RHP Paul McIntosh
Batting: LHB Jim Harvill 0-0: Fly out, F8 (Flyball, 8LXD, EV 103.8 MPH)
Batting: RHB Kyle Garette 0-0: Called Strike
0-1: Foul Ball, location: 2F
0-2: Foul Ball, location: 3F
0-2: Ball
1-2: Strikes out swinging
Top of the 5th over - 0 runs, 0 hits, 0 errors, 0 left on base; Detroit 2 - San Francisco 0
BOTTOM OF THE 5TH
San Francisco Giants batting - Pitching for Detroit Tigers : RHP Dylan Sheets
Batting: RHB Rhett Damewood 0-0: Called Strike
0-1: Fly out, F3 (Popup, 3SF, EV 66.3 MPH)
Batting: LHB Ray Gettelfinger 0-0: Called Strike
0-1: Foul Ball, location: 2F
0-2: SINGLE (Groundball, 6D, EV 99.4 MPH)
Batting: RHB Brian Dowse 0-0: Ball
1-0: Foul Ball, location: 2F
1-1: Ball
2-1: Ball
Ray Gettelfinger steals 2nd base
3-1: Fly out, F8 (Flyball, 89D, EV 93.8 MPH)
Runner from 2nd tags up, SAFE at 3rd, no throw by CF
Batting: RHB Sebastian Schleusner 0-0: Ball
1-0: Fly out, F6 (Line Drive, 6, EV 68.8 MPH)
Bottom of the 5th over - 0 runs, 1 hit, 0 errors, 1 left on base; Detroit 2 - San Francisco 0
TOP OF THE 6TH
Detroit Tigers batting - Pitching for San Francisco Giants : RHP Paul McIntosh
Batting: LHB Verrell Vander Mark 0-0: Swinging Strike
0-1: Ball
1-1: Called Strike
1-2: Strikes out swinging
Batting: LHB Sebastian Ontiveros 0-0: Foul Ball, location: 2F
0-1: Swinging Strike
0-2: Ball
1-2: Strikes out swinging
Batting: RHB Peter Bates 0-0: Called Strike
0-1: Foul Ball, location: 9LDF
0-2: Ball
1-2: Foul Ball, location: 23F
1-2: Foul Ball, location: 3F
1-2: Strikes out looking
Top of the 6th over - 0 runs, 0 hits, 0 errors, 0 left on base; Detroit 2 - San Francisco 0
BOTTOM OF THE 6TH
San Francisco Giants batting - Pitching for Detroit Tigers : RHP Dylan Sheets
Batting: RHB Kaiden Clackum 0-0: Ball
1-0: Foul Ball, location: 5F
1-1: DOUBLE (Line Drive, 89D, EV 103.8 MPH)
Batting: LHB Jeff Edelman 0-0: Swinging Strike
0-1: Ball
1-1: Called Strike
1-2: Ground out 4-3 (Groundball, 34D, EV 104.4 MPH)
Kaiden Clackum to third
Batting: RHB Theodore Phu 0-0: Ball
1-0: Swinging Strike
1-1: Called Strike
1-2: Ball
2-2: Ball
3-2: Base on Balls
Batting: RHB Solomon Ding 0-0: Ball
1-0: Ball
2-0: Foul Ball, location: 2F
2-1: Fielders Choice at home, 5-2 (Groundball, 5L, EV 88.1 MPH)
Theodore Phu to second
Batting: RHB Jackson Maul 0-0: Ground out 5-3 (Groundball, 56S, EV 61.9 MPH)
Bottom of the 6th over - 0 runs, 1 hit, 0 errors, 2 left on base; Detroit 2 - San Francisco 0
TOP OF THE 7TH
Detroit Tigers batting - Pitching for San Francisco Giants : RHP Paul McIntosh
Batting: RHB Diego Ruiz 0-0: Ball
1-0: Ball
2-0: Ball
3-0: Called Strike
3-1: Ground out 1-3 (Groundball, 15S, EV 66.3 MPH)
Batting: LHB Rob Hedrick 0-0: Ground out U3 (Groundball, 34, EV 90.6 MPH)
Batting: RHB Owen Roberts 0-0: Ground out 5-3 (Groundball, 56, EV 85.0 MPH)
Top of the 7th over - 0 runs, 0 hits, 0 errors, 0 left on base; Detroit 2 - San Francisco 0
BOTTOM OF THE 7TH
San Francisco Giants batting - Pitching for Detroit Tigers : RHP Dylan Sheets
Batting: RHB Rhett Damewood 0-0: Foul Ball, location: 2F
0-1: Swinging Strike
0-2: SINGLE (Line Drive, 56, EV 95.0 MPH)
Batting: LHB Ray Gettelfinger 0-0: Sac Bunt to 25 - play at first, batter OUT! 5-3
Rhett Damewood to second
Batting: RHB Brian Dowse 0-0: Called Strike
0-1: SINGLE (Line Drive, 6D, EV 100.0 MPH)
Rhett Damewood to third
Runner from 3rd tries for Home, SAFE, throw by LF to home
Pinch Hitting: SHB Cole Blake 0-0: Ball
1-0: Ball
2-0: SINGLE (Groundball, 56D, EV 104.4 MPH)
Brian Dowse to second
Batting: RHB Kaiden Clackum 0-0: Ball
1-0: Called Strike
1-1: Swinging Strike
1-2: Foul Ball, location: 25F
1-2: Foul Ball, location: 9LSF
1-2: Ground out 5-3 (Groundball, 56, EV 77.5 MPH)
Brian Dowse to third
Cole Blake to second
Batting: LHB Jeff Edelman 0-0: Called Strike
0-1: SINGLE (Groundball, 13S, EV 74.4 MPH) (infield hit)
Brian Dowse scores
Cole Blake to third
Batting: RHB Theodore Phu 0-0: Ball
1-0: SINGLE (Line Drive, 89S, EV 103.8 MPH)
Cole Blake scores
Jeff Edelman to second
Pitching: LHP Julien Piché
Batting: RHB Solomon Ding 0-0: Ball
1-0: Ball
2-0: Foul Ball, location: 5SF
2-1: Called Strike
2-2: Strikes out looking
Bottom of the 7th over - 3 runs, 5 hits, 0 errors, 2 left on base; Detroit 2 - San Francisco 3
TOP OF THE 8TH
Detroit Tigers batting - Pitching for San Francisco Giants : RHP Paul McIntosh
Now at SS: Nicky Rau
Batting: LHB Will Dishman 0-0: Ball
1-0: Called Strike
1-1: Fly out, F7 (Line Drive, 7D, EV 96.9 MPH)
Batting: LHB Jim Harvill 0-0: Called Strike
0-1: Fly out, F5 (Popup, 5S, EV 77.5 MPH)
Batting: RHB Kyle Garette 0-0: Ball
1-0: Ball
2-0: SINGLE (Line Drive, 9S, EV 94.4 MPH)
Pitching: LHP Neil Dunn
Batting: LHB Verrell Vander Mark 0-0: Ball
1-0: Ball
2-0: Called Strike
2-1: Ball
3-1: Foul Ball, location: 2F
3-2: SINGLE (Groundball, 34D, EV 98.1 MPH)
Kyle Garette to second
Kyle Garette to third
Batting: LHB Sebastian Ontiveros 0-0: Foul Ball, location: 2F
0-1: Ball
Wild Pitch!
Kyle Garette scores
Verrell Vander Mark to second
1-1: Swinging Strike
1-2: SINGLE (Groundball, P, EV 94.4 MPH) (infield hit)
Verrell Vander Mark to third
Batting: RHB Peter Bates 0-0: Ball
1-0: Foul Ball, location: 2F
1-1: Ball
2-1: Foul Ball, location: 3DF
2-2: Foul Ball, location: 2F
2-2: Foul Ball, location: 3SF
2-2: Strikes out swinging
Top of the 8th over - 1 run, 3 hits, 0 errors, 2 left on base; Detroit 3 - San Francisco 3
BOTTOM OF THE 8TH
San Francisco Giants batting - Pitching for Detroit Tigers : LHP Julien Piché
Batting: RHB Jackson Maul 0-0: Ground out 6-3 (Groundball, 6, EV 105.0 MPH)
Batting: RHB Rhett Damewood 0-0: Called Strike
0-1: Foul Ball, location: 7LMF
0-2: Ground out 5-3 (Groundball, 56S, EV 86.3 MPH)
Pinch Hitting: RHB Nolan Peterson 0-0: Ball
1-0: Ball
2-0: Ball
3-0: Swinging Strike
3-1: Called Strike
3-2: Base on Balls
Batting: RHB Brian Dowse 0-0: Called Strike
0-1: Fly out, F9 (Line Drive, 89M, EV 100.6 MPH)
Bottom of the 8th over - 0 runs, 0 hits, 0 errors, 1 left on base; Detroit 3 - San Francisco 3
TOP OF THE 9TH
Detroit Tigers batting - Pitching for San Francisco Giants : LHP Neil Dunn
Now in RF: Nathanael Harrison
Batting: RHB Diego Ruiz 0-0: Called Strike
0-1: Foul Ball, location: 5F
0-2: Foul Ball, location: 7LSF
0-2: Strikes out swinging
Pinch Hitting: RHB Merlin Weichert 0-0: Called Strike
0-1: Foul Ball, location: 25F
0-2: Ball
1-2: Ball
2-2: SINGLE (Line Drive, 34, EV 97.5 MPH)
Batting: RHB Owen Roberts 0-0: Called Strike
0-1: Ball
1-1: Foul Ball, location: 9LSF
1-2: Ball
2-2: Strikes out swinging
Pinch Hitting: RHB Aarón Gutiérrez 0-0: Ball
1-0: Fly out, F7 (Line Drive, 7, EV 94.4 MPH)
Top of the 9th over - 0 runs, 1 hit, 0 errors, 1 left on base; Detroit 3 - San Francisco 3
BOTTOM OF THE 9TH
San Francisco Giants batting - Pitching for Detroit Tigers : LHP Julien Piché
Now at C: Voodoo Bass
Now at 2B: Kyle Garette
Now at 3B: Merlin Weichert
Batting: RHB Nicky Rau 0-0: Called Strike
0-1: Ball
1-1: Ball
2-1: Ball
3-1: Ground out 3-1 (Groundball, 34, EV 98.1 MPH)
Batting: RHB Kaiden Clackum 0-0: Called Strike
0-1: SINGLE (Groundball, 56, EV 98.8 MPH)
Batting: LHB Jeff Edelman 0-0: Swinging Strike
0-1: Fly out, F9 (Flyball, 9S, EV 96.9 MPH)
Batting: RHB Theodore Phu 0-0: Ball
Kaiden Clackum steals 2nd base (no throw)
1-0: Swinging Strike
1-1: Swinging Strike
1-2: Fly out, F7 (Flyball, 7LS, EV 90.6 MPH)
Bottom of the 9th over - 0 runs, 1 hit, 0 errors, 1 left on base; Detroit 3 - San Francisco 3
TOP OF THE 10TH
Detroit Tigers batting - Pitching for San Francisco Giants : LHP Neil Dunn
Pitching: RHP Alcander Eaton
Batting: LHB Jim Harvill 0-0: Ball
1-0: Called Strike
1-1: Ball
2-1: Foul Ball, location: 2RF
2-2: SINGLE (Groundball, 56, EV 90.6 MPH)
Batting: RHB Kyle Garette 0-0: Bunt missed!
0-1: Ball
1-1: Sac Bunt to 15S - play at first, batter OUT! 1-3
Jim Harvill to second
Batting: LHB Verrell Vander Mark 0-0: Intentional Walk
Batting: LHB Sebastian Ontiveros 0-0: Foul Ball, location: 7LDF
0-1: Called Strike
0-2: Ball
1-2: Foul Ball, location: 2F
1-2: SINGLE (Line Drive, 56D, EV 94.4 MPH)
Jim Harvill to third
Verrell Vander Mark to second
Runner from 3rd tries for Home, SAFE, throw by LF to home
Batting: RHB Peter Bates 0-0: Fly out, F9 (Flyball, 89M, EV 92.5 MPH)
Batting: RHB Diego Ruiz 0-0: Ball
1-0: Foul Ball, location: 2F
1-1: Ball
2-1: Called Strike
2-2: Foul Ball, location: 2F
2-2: Foul Ball, location: 9LMF
2-2: Fielders Choice at 2nd, 5-4 (Groundball, 56, EV 105.0 MPH)
Top of the 10th over - 1 run, 2 hits, 0 errors, 2 left on base; Detroit 4 - San Francisco 3
BOTTOM OF THE 10TH
San Francisco Giants batting - Pitching for Detroit Tigers : LHP Julien Piché
Pitching: RHP Joshua Rusch
Batting: RHB Solomon Ding 0-0: Ball
1-0: Ball
2-0: Ground out 4-3 (Groundball, 34S, EV 90.0 MPH)
Batting: RHB Jackson Maul 0-0: Ball
1-0: Ball
2-0: Foul Ball, location: 3F
2-1: Called Strike
2-2: Strikes out swinging
Batting: RHB Rhett Damewood 0-0: Called Strike
0-1: Foul Ball, location: 9LDF
0-2: Foul Ball, location: 23F
0-2: Strikes out swinging
Bottom of the 10th over - 0 runs, 0 hits, 0 errors, 0 left on base; Detroit 4 - San Francisco 3
Monday, April 29th , 2024 - OOTP Baseball 24.11 Build 85